 Dungeon Crawl Stone Soup version 0.22.1-5-g62c59d919a (webtiles) character file.

1078 Masnef the Magician (level 8, -4/41 HPs)
             Began as a Deep Elf Wizard on Jan 13, 2019.
             Was a Follower of Sif Muna.
             Killed from afar by Blork the orc (11 damage)
             ... with a puff of frost
             ... on level 5 of the Dungeon.
             The game lasted 00:20:54 (6566 turns).

Masnef the Magician (Deep Elf Wizard)               Turns: 6566, Time: 00:20:54

Health: -4/41      AC:  2    Str:  4    XL:     8   Next: 8%
Magic:  9/21       EV: 13    Int: 26    God:    Sif Muna [*.....]
Gold:   282        SH:  0    Dex: 13    Spells: 9/22 levels left

rFire    . . .     SeeInvis .   n - -1 short sword (curse)
rCold    . . .     Gourm    .   (no shield)
rNeg     . . .     Faith    .   a - +0 robe
rPois    .         Spirit   .   b - +1 hat
rElec    .         Reflect  .   (no cloak)
rCorr    .         Harm     .   (no gloves)
MR       .....                  o - +0 pair of boots
Stlth    ++........             (no amulet)
HPRegen  0.13/turn              t - -2 ring of protection (curse)
MPRegen  0.17/turn              (no ring)

@: divine energy
A: no striking features
a: Stop Divine Energy, Renounce Religion


You were on level 5 of the Dungeon.
You worshipped Sif Muna.
Sif Muna was aware of your devotion.
You were not hungry.

You visited 1 branch of the dungeon, and saw 5 of its levels.

You collected 282 gold pieces.

Inventory:

Hand Weapons
 j - a +0 dagger
 n - a cursed -1 short sword (weapon)
Armour
 a - a +0 robe (worn)
 b - a +1 hat (worn)
 o - a +0 pair of boots (worn)
 v - a +0 shield
Jewellery
 t - a cursed -2 ring of protection (left hand)
Wands
 k - a wand of disintegration (10)
 y - a wand of flame (21)
Scrolls
 e - 5 scrolls of identify
 g - a scroll of teleportation
 s - 2 scrolls of blinking
 u - a scroll of amnesia
Potions
 c - a potion of curing
 f - 3 potions of brilliance
 h - 2 potions of berserk rage
 i - a potion of invisibility {unknown}
 l - 4 potions of mutation {unknown}
 m - 3 potions of heal wounds {unknown}
 p - 2 potions of might {unknown}
 q - a potion of magic {unknown}
 x - a potion of lignification {unknown}
Comestibles
 d - 9 rations
 r - 3 chunks of flesh


   Skills:
 * Level 3.1 Short Blades
 + Level 3.2 Dodging
 + Level 4.0 Stealth
 + Level 7.6 Spellcasting
 * Level 4.9 Conjurations
 + Level 1.2 Hexes
 - Level 2.0 Summonings
 + Level 1.1 Translocations
 + Level 2.5 Fire Magic
 + Level 2.4 Air Magic
 + Level 2.3 Poison Magic


You had 9 spell levels left.
You knew the following spells:

 Your Spells              Type           Power        Failure   Level  Hunger
a - Magic Dart            Conj           ####         1%          1    None
b - Blink                 Tloc           N/A          5%          2    None
c - Call Imp              Summ           ###.....     3%          2    None
d - Slow                  Hex            ###.....     5%          2    None
e - Mephitic Cloud        Conj/Pois/Air  ####....     4%          3    None
f - Conjure Flame         Conj/Fire      ####....     3%          3    None

Your spell library contained the following spells:

 Spells                   Type           Power        Failure   Level  Hunger


Dungeon Overview and Level Annotations

Branches:
Dungeon (5/15)
 Temple: D:4-7

Altars:
Ru
Sif Muna

Annotations:
D:5 Blork the orc


Message History

Casting: Magic Dart (safe; 1% risk of failure)
Confirm with . or Enter, or press ? or * to list all spells.
Aiming: Magic Dart (safe; 1% risk of failure)
Press: ? - help, Shift-Dir - straight line, f/p - killer bee zombie
Aim: a killer bee zombie (almost destroyed)
The magic dart hits the killer bee zombie.
You destroy the killer bee zombie!
Sif Muna accepts your kill.
Blork the orc points at something and mumbles some strange words.
Blork the orc closely misses something.
Casting: Magic Dart (safe; 1% risk of failure)
Confirm with . or Enter, or press ? or * to list all spells.
Aiming: Magic Dart (safe; 1% risk of failure)
Press: ? - help, Shift-Dir - straight line, f - Blork the orc
Aim: Blork the orc, wielding a vampiric battleaxe and wearing a robe (severely The magic dart hits Blork the orc.
Blork the orc is severely wounded.
Blork the orc points at you and mumbles some strange words.
The puff of frost hits you!
You die...

#.# #...#..............#.#.##.##
#.# #...#.###5###.#....#.#.5....
#.####...#.#....#..#....#.#.##.#.
#...............##.#....#.#..#.#.
######...#.#....##.#....#.#..#...
#...#.#....##.#.#.##.#..###.
#...#.#....##.#.#.......# #5
#...#.#.>..##[#.####.##.###.
#...#.#....@....# #.........
#...#.#....##.#####..##....#
#####.#.5.).)............†.'
#######.#.....#..########....#
...........#..#..# #....#
######o#..#..#..# #....#
...#5#..#..#..# #....#
#######.#.#..#..#..# #....#
#.........#..#..#..# #....#


You could see Blork the orc, a friendly crimson imp and a friendly shadow imp.

Vanquished Creatures
  Sigmund (D:5)
  A crimson imp (D:3)
  2 orc priests
  2 hounds (D:4)
  3 orc wizards
  A bullfrog skeleton (D:4)
  3 worker ants
  A killer bee zombie (D:5)
  6 adders
  An ooze (D:4)
  2 dart slugs
  3 leopard geckos
  13 orcs
  6 bats
  5 giant cockroaches
  10 goblins
  13 hobgoblins
  4 jackals (D:4)
  2 frilled lizards (D:3)
  6 kobolds
  A leopard gecko skeleton (D:4)
  A quokka skeleton (D:4)
  15 rats
102 creatures vanquished.

Vanquished Creatures (collateral kills)
  A sky beast (D:5)
  2 ogres
  A howler monkey (D:4)
  A quasit (D:5)
  3 orc priests
  4 orc wizards
  An iguana (D:3)
  4 worker ants
  A gnoll (D:1)
  3 adders
  2 worms
  4 orcs (D:4)
  A ball python (D:5)
  A kobold (D:3)
  A frilled lizard (D:4)
30 creatures vanquished.

Grand Total: 132 creatures vanquished

Notes
Turn   | Place    | Note
-------+----------+-------------------------------------------
     0 | D:1      | Masnef the Deep Elf Wizard began the quest for the Orb.
     0 | D:1      | Reached XP level 1. HP: 10/10 MP: 7/7
   188 | D:1      | Reached skill level 5 in Spellcasting
   294 | D:1      | Reached XP level 2. HP: 15/15 MP: 0/10
   298 | D:1      | Learned a level 2 spell: Blink
   301 | D:1      | Learned a level 2 spell: Call Imp
   955 | D:1      | Reached XP level 3. HP: 19/19 MP: 10/12
   959 | D:1      | Learned a level 2 spell: Slow
   963 | D:1      | Learned a level 3 spell: Mephitic Cloud
   967 | D:1      | Learned a level 3 spell: Conjure Flame
  1871 | D:2      | Reached XP level 4. HP: 24/24 MP: 7/13
  2091 | D:3      | Reached skill level 6 in Spellcasting
  2538 | D:3      | Reached skill level 1 in Fire Magic
  2599 | D:3      | Reached skill level 1 in Poison Magic
  2599 | D:3      | Reached XP level 5. HP: 28/28 MP: 9/15
  2707 | D:3      | Reached skill level 1 in Air Magic
  3101 | D:4      | Reached skill level 1 in Short Blades
  3101 | D:4      | Reached skill level 1 in Hexes
  3114 | D:4      | Reached XP level 6. HP: 22/32 MP: 0/17
  4441 | D:4      | Found a deep blue altar of Sif Muna.
  4449 | D:4      | Became a worshipper of Sif Muna the Loreminder
  4837 | D:4      | Reached XP level 7. HP: 33/36 MP: 10/18
  5202 | D:5      | Entered Level 5 of the Dungeon
  5936 | D:5      | Reached skill level 7 in Spellcasting
  6291 | D:5      | Noticed Sigmund
  6315 | D:5      | Killed Sigmund
  6315 | D:5      | Reached * piety under Sif Muna
  6315 | D:5      | Reached XP level 8. HP: 34/41 MP: 14/21
  6375 | D:5      | Found a sacrificial altar of Ru.
  6539 | D:5      | Noticed Blork the orc
  6560 | D:5      | HP: 2/41 [killer bee zombie (4)]
  6566 | D:5      | Killed from afar by Blork the orc

Skill      XL: |  1  2  3  4  5  6  7  8 |
---------------+-------------------------+-----
Spellcasting   | 5 6 7 |  7.6
Conjurations   | 2 3 4 |  4.9
Fire Magic     | 1 2 |  2.5
Poison Magic   | 1 2 |  2.3
Air Magic      | 1 2 |  2.4
Short Blades   | 1 2 3 |  3.1
Hexes          | 1 |  1.2
Stealth        | 3 4 |  4.0
Dodging        | 3 |  3.2
Summonings     | 2 |  2.0
Translocations | |  1.1

Action                   |  1- 3 |  4- 6 |  7- 9 || total
-------------------------+-------+-------+-------++-------
Melee: Unarmed           |     1 |       |       ||     1
       Dagger            |       |     8 |       ||     8
       Short sword       |       |    17 |     2 ||    19
 Cast: Magic Dart        |   105 |   138 |    88 ||   331
       Call Imp          |     9 |    35 |    25 ||    69
       Blink             |     1 |     3 |     2 ||     6
       Mephitic Cloud    |       |     1 |     3 ||     4
       Conjure Flame     |       |     1 |     2 ||     3
       Slow              |       |     1 |     2 ||     3
Invok: Divine Energy     |       |       |     1 ||     1
Evoke: Wand              |       |     1 |       ||     1
  Use: Scroll            |     4 |     5 |     3 ||    12
       Potion            |       |       |     1 ||     1
 Stab: Sleeping          |       |     2 |     1 ||     3
  Eat: Chunk             |     3 |     8 |     3 ||    14
       Ration            |       |       |     1 ||     1
Armor: Robe              |     4 |    12 |     3 ||    19
Dodge: Dodged            |    12 |    36 |    19 ||    67
